 Dungeon Crawl Stone Soup version 0.25.1-1-g288607f (webtiles) character file.

Game seed: 16171548937582522382

62 auberdahn the Firebug (level 4, -1/38 HPs)
             Began as a Naga Fire Elementalist on Sept 25, 2020.
             Killed by nerve-wracking pain
             ... invoked by a shadow imp
             ... summoned by Natasha
              (13 damage)
             ... on level 2 of the Dungeon.
             The game lasted 00:01:55 (2209 turns).

auberdahn the Firebug (Naga Fire Elementalist)      Turns: 2209, Time: 00:01:56

Health: -1/38      AC:  2    Str: 10    XL:     4   Next: 8%
Magic:  3/7        EV: 10    Int: 16    God:
Gold:   113        SH:  0    Dex: 12    Spells: 6/7 levels left

rFire    . . .     SeeInvis +   e - +0 dagger
rCold    . . .     Gourm    .   (no shield)
rNeg     . . .     Faith    .   a - +0 robe
rPois    +         Spirit   .   (no helmet)
rElec    .         Reflect  .   (no cloak)
rCorr    .         Harm     .   (no gloves)
MR       .....                  (no barding)
Stlth    ++........             (no amulet)
HPRegen  0.12/turn              (no ring)
MPRegen  0.10/turn              (no ring)

@: slowed, very slow
A: large, see invisible, deformed body, poison resistance, slowness 2, slow
metabolism 1, spit poison 1, AC +1
a: Spit Poison


You were on level 2 of the Dungeon.
You were very hungry.

You visited 1 branch of the dungeon, and saw 2 of its levels.

You collected 113 gold pieces.

Inventory:

Hand Weapons
 d - a cursed +0 dagger
 e - a +0 dagger (weapon)
Armour
 a - a +0 robe (worn)
Scrolls
 f - a scroll of identify {unknown}
 h - a scroll of remove curse {unknown}
 i - a scroll of amnesia {unknown}
 j - a scroll of enchant armour {unknown}
Potions
 b - a potion of curing {@q1}
 g - a potion of cancellation {unknown}
Comestibles
 c - 5 rations {!d}


   Skills:
 + Level 1.1 Fighting
 - Level 1.5 Dodging
 - Level 3.0 Stealth
 + Level 2.4 Spellcasting
 * Level 2.2 Conjurations
 * Level 3.7 Fire Magic


You had 6 spell levels left.
You knew the following spells:

 Your Spells              Type           Power        Failure   Level  Hunger
a - Foxfire               Conj/Fire      ##..         6%          1    #......

Your spell library contained the following spells:

 Spells                   Type           Power        Failure   Level  Hunger
 Conjure Flame            Conj/Fire      ##......     19%         3    ###....
 Inner Flame              Hex/Fire       #.......     28%         3    ###....
 Sticky Flame             Conj/Fire      ##......     52%         4    #####..
 Fireball                 Conj/Fire      ##........   86%         5    ######.


Dungeon Overview and Level Annotations

Branches:
Dungeon (2/15)

Altars:

Annotations:
D:2 Natasha


Innate Abilities, Weirdness & Mutations

You cannot wear boots.
Your serpentine skin is tough. (AC +1)
You have supernaturally acute eyesight. (SInv)
Armour fits poorly on your strangely shaped body.
Your system is resistant to poisons. (rPois)
You cover ground very slowly.
You have a slow metabolism.
You can spit poison.


Message History

Confirm with . or Enter, or press ? or * to list all spells.
You conjure some foxfire!
The foxfire hits Natasha.
Natasha is severely wounded.
The foxfire hits the crimson imp.
The crimson imp completely resists.
The shadow imp hits you but does no damage.
Natasha claws you.
* * * LOW HITPOINT WARNING * * *
The crimson imp hits you but does no damage.
The crimson imp hits you.
* * * LOW HITPOINT WARNING * * *
Natasha claws you but does no damage. The shadow imp barely misses you.
Casting: Foxfire (safe; 6% risk of failure)
Confirm with . or Enter, or press ? or * to list all spells.
You conjure some foxfire!
The foxfire hits the crimson imp.
The crimson imp completely resists.
The crimson imp hits you.
* * * LOW HITPOINT WARNING * * *
The crimson imp blinks!
Natasha barely misses you. The shadow imp gestures at you.
Pain shoots through your body!
You die...

.####...####....#.....
..........##....#.....
####...#.#..#........
##.........##.#... ##
#..[.♣.......# ..
#...♣.♣...####
##.##.##..♣._.♣..#
.......(..v♣.♣.....
.........§@5♣...####
..###.###vh5....#
#.####.###### .
#.....)# ## #.##.#.# #
#.#.# #.5 # ###. .#


You could see Natasha, 2 crimson imps and a shadow imp (summoned).

Vanquished Creatures
  A worker ant (D:2)
  2 adders (D:2)
  A leopard gecko (D:1)
  2 bats (D:1)
  2 goblins (D:1)
  4 hobgoblins (D:1)
  2 kobolds
  3 frilled lizards
  2 rats (D:1)
19 creatures vanquished.

Vanquished Creatures (others)
  49 foxfires
49 creatures vanquished.

Grand Total: 68 creatures vanquished

Notes
Turn   | Place    | Note
-------+----------+-------------------------------------------
     0 | D:1      | auberdahn the Naga Fire Elementalist began the quest for
                  | the Orb.
     0 | D:1      | Reached XP level 1. HP: 15/15 MP: 3/3
   338 | D:1      | Reached XP level 2. HP: 6/24 MP: 0/5
  1704 | D:2      | Reached XP level 3. HP: 5/30 MP: 0/6
  1709 | D:2      | Reached skill level 1 in Fighting
  1999 | D:2      | Found a faded altar of an unknown god.
  2018 | D:2      | Reached XP level 4. HP: 16/38 MP: 3/7
  2198 | D:2      | Noticed Natasha
  2209 | D:2      | Killed from afar by a shadow imp

Illustrated notes

Levels and vault maps discovered:
D:1:      lemuel_arrival_rhombus, layout_basic
D:2:      layout_loops_cross, chequers_ecumenical_altar_simple_redux,
          grunt_dithmenos_smoke_and_mirrors, uniq_natasha

Skill      XL: |  1  2  3 |
---------------+----------+-----
Conjurations   | 2 |  2.2
Fighting       | 1 |  1.1
Dodging        | |  1.5
Stealth        | |  3.0
Spellcasting   | |  2.4
Fire Magic     | |  3.7

Action                   |  1- 3 |  4- 6 || total
-------------------------+-------+-------++-------
Melee: Unarmed           |     8 |       ||     8
       Dagger            |    34 |     1 ||    35
 Cast: Foxfire           |    28 |     4 ||    32
 Abil: Spit Poison       |     9 |     2 ||    11
  Use: Potion            |     1 |       ||     1
 Stab: Sleeping          |     1 |       ||     1
  Eat: Chunk             |     2 |       ||     2
Armor: Robe              |    14 |     4 ||    18
Dodge: Dodged            |    35 |     6 ||    41
